 Dungeon Crawl Stone Soup version 0.30-a0-458-g86641cc369 (webtiles) character file.

Game seed: 1418321389335933954

21313 p00ps00p the Cleaver (level 12, 0/115 HPs)
             Began as a Hill Orc Fighter on Dec 15, 2022.
             Was an Initiate of Gozag.
             Succumbed to Donald's poison
             ... on level 2 of the Orcish Mines.
             The game lasted 00:22:00 (15788 turns).

p00ps00p the Cleaver (Hill Orc Fighter)            Turns: 15788, Time: 00:22:01

Health: 0/115      AC: 27    Str: 24    XL:     12   Next: 88%
Magic:  12/12      EV:  5    Int:  8    God:    Gozag
Gold:   524        SH: 17    Dex: 10    Spells: 11/11 levels left

rFire   + . .      SeeInvis .    w - +7 war axe (elec)
rCold   + + +      Faith    .    C - +1 tower shield {rC+}
rNeg    . . .      Spirit   .    A - +0 plate armour
rPois   .          Reflect  .    b - +0 helmet
rElec   .          Harm     .    y - scarf {rC+ rF+}
rCorr   .          Rampage  ∞    l - +0 pair of gloves
Will    .....                    J - +3 pair of seven-league boots {Rampage+∞}
Stlth   ..........               (no amulet)
HPRegen 0.39/turn                v - +4 ring of protection
MPRegen 0.13/turn                I - ring of protection from cold

@: lethally poisoned (0 -> -42), gold aura
A: no striking features
a: Renounce Religion, Potion Petition, Call Merchant, Bribe Branch


You were on level 2 of the Orcish Mines.
You worshipped Gozag.
Gozag was pleased with you.
You visited 3 branches of the dungeon, and saw 15 of its levels.
You also visited: Sewer and Ice Cave.

You collected 2901 gold pieces.
You spent 1560 gold pieces at shops.
You paid 817 gold pieces to Gozag.

Inventory:

Hand Weapons
 a - a +0 war axe of draining
 s - a +0 short sword of flaming
 w - a +7 war axe of electrocution (weapon)
Missiles
 j - 6 throwing nets (quivered)
 o - 3 curare-tipped darts
Armour
 b - a +0 helmet (worn)
 f - a +4 kite shield
 l - a +0 pair of gloves (worn)
 y - a scarf of resistance (worn)
 A - a +0 plate armour (worn)
 C - a +1 tower shield of cold resistance (worn)
 J - the +3 pair of seven-league boots (worn) {Rampage+∞}
   (You bought it in a shop on level 12 of the Dungeon)

   Its wearer moves as far as possible in that direction when moving towards
   enemies.
Jewellery
 v - a +4 ring of protection (left hand)
 D - a +6 ring of intelligence
 I - a ring of protection from cold (right hand)
Wands
 c - a wand of charming (7)
 g - a wand of polymorph (5)
 m - a wand of flame (21)
 p - a wand of mindburst (7)
 B - a wand of roots (4)
Scrolls
 e - 8 scrolls of teleportation
 F - 4 scrolls of fog
 G - 2 scrolls of amnesia
Potions
 d - 5 potions of curing
 h - 2 potions of cancellation {unknown}
 i - 3 potions of might
 k - 2 potions of haste
 n - a potion of magic
 q - a potion of invisibility {unknown}
 r - a potion of berserk rage
 t - a potion of mutation {unknown}
 u - 3 potions of flight
 z - a potion of brilliance {unknown}
 E - 2 potions of ambrosia {unknown}
 H - a potion of lignification {unknown}


   Skills:
 + Level 13.1 Fighting
 + Level 13.9 Axes
 + Level 12.1 Armour
 + Level 12.1 Shields


You had 11 spell levels left.
You didn't know any spells.
Your spell library contained the following spells:

 Spells                   Type           Power      Damage    Failure   Level
 Necrotise                Necr           0%         1d4       100%        1
 Slow                     Hex            0%         N/A       100%        1
 Confusing Touch          Hex            0%         N/A       100%        3
 Dazzling Flash           Conj/Hex       0%         N/A       100%        3
 Frozen Ramparts          Ice            0%         1d1       100%        3
 Ozocubu's Armour         Ice            0%         N/A       100%        3
 Portal Projectile        Hex/Tloc       0%         N/A       100%        3
 Tukima's Dance           Hex            0%         N/A       100%        3
 Vampiric Draining        Necr           0%         2d6       100%        3
 Ice Form                 Ice/Tmut       0%         N/A       100%        4
 Iskenderun's Mystic Bla  Conj/Tloc      0%         2d3       100%        4
 Summon Ice Beast         Ice/Summ       0%         N/A       100%        4
 Agony                    Necr           0%         N/A       100%        5
 Blade Hands              Tmut           0%         N/A       100%        5
 Metabolic Englaciation   Hex/Ice        0%         N/A       100%        5
 Starburst                Conj/Fire      0%         6d3       100%        6
 Ozocubu's Refrigeration  Ice            0%         4d7       100%        7


Dungeon Overview and Level Annotations

Branches:
Dungeon (12/15)            Temple (1/1) D:5            Lair (0/5) D:10
    Orc (2/2) D:12          Sewer (visited)           IceCv (visited)
    Elf: Orc:2

Altars:
Ashenzari
Cheibriados
Dithmenos
Gozag
Nemelex Xobeh
Qazlal
Ru
Sif Muna
Trog
Wu Jian
Xom
Yredelemnul

Shops:
D:12 ([

Annotations:
Orc:2 Donald


Message History

The ogre hits you with a +0 giant spiked club.
You slash the ogre! Lightning courses through the ogre!
You kill the ogre!
You slash the troll! The troll bites you but does no damage.
You block the troll's attack. The troll claws you!
You slice the troll!!
The troll is severely wounded.
The troll bites you but does no damage. You block the troll's attack. x2
Donald hits you from afar with a +1 demon trident of venom!
You are poisoned.
You slash the troll!
The troll is almost dead.
You feel very sick.
You block the troll's attack. x2; The troll claws you.
Donald hits you from afar with a +1 demon trident of venom.
You are more poisoned.
Unknown command.
You barely miss the troll.
The troll is almost dead.
You feel extremely sick. The troll bites you. You block the troll's attack. x2
Donald says, "Like I always say, the jar is half empty."
Donald hits you from afar with a +1 demon trident of venom!
You are more poisoned.
You are too injured to fight recklessly!
Unknown command.
You are too injured to fight recklessly!
Unknown command.
You are too injured to fight recklessly!
You feel extremely sick.
You block the troll's attack. x2; The troll claws you!
Donald hits you from afar with a +1 demon trident of venom!
* * * LOW HITPOINT WARNING * * *
You are more poisoned.
* * * LOW HITPOINT WARNING * * *
You feel extremely sick.
Donald is distracted by your dazzling golden aura.
There is a stone staircase leading up here.
You die...
Your body crumbles into a pile of gold.

... $ .. #...
... ... ....
... #.... $
##.#####..... $
$ #............
. #...........
...#.#.@$^....#
......#T$......
...$....$@.....
#...#..$.....#.
..........#...#
...##.#.####...
$ .. #.### ...
. .. .# .#.


You could see Donald (strong, unaware, reflecting) and a troll.

Vanquished Creatures
  Harold (D:10)
  Josephine (D:10)
  A two-headed ogre (D:11)
  A bog body (IceCv)
  A deep elf pyromancer (D:12)
  A necromancer (IceCv)
  2 ugly things
  An orc sorcerer (Orc:2)
  3 cyclopes
  2 ice statues (IceCv)
  Joseph (D:7)
  2 gargoyles
  Maggie (D:10)
  A rime drake (D:10)
  6 ice devils (IceCv)
  4 anaconda simulacra (IceCv)
  4 trolls
  5 dire elephant simulacra (IceCv)
  2 shadows (D:12)
  A vampire (D:11)
  6 wraiths
  6 yaks (D:10)
  2 wyverns
  3 vampire mosquitoes (D:11)
  A steam dragon (D:8)
  A death yak simulacrum (IceCv)
  Menkaure (D:7)
  A harpy simulacrum (IceCv)
  A warg (Orc:2)
  An acid dragon (D:12)
  2 water moccasins
  3 sky beasts
  3 black bears
  5 ice beasts
  4 orc warriors
  2 ogres
  4 wolves (D:10)
  8 centaurs
  2 phantoms
  3 kobold brigands
  3 bullfrogs
  2 necrophages (D:6)
  2 gnoll sergeants
  5 scorpions
  A troll zombie (D:12)
  4 wights (D:6)
  13 killer bees
  9 howler monkeys
  4 jellies
  A gnoll bouda (D:9)
  12 orc priests
  5 hounds
  6 orc wizards
  A spriggan simulacrum (IceCv)
  A wolf simulacrum (IceCv)
  5 ogre zombies (D:12)
  13 gnolls
  11 adders
  2 naga simulacra (IceCv)
  3 white imps
  An ufetubus (D:6)
  5 dart slugs
  24 orcs
  6 ball pythons
  8 endoplasms
  10 giant cockroaches
  9 goblins
  9 hobgoblins
  2 quokkas
  8 bats
  2 frilled lizards
  A goblin skeleton (D:12)
  4 goblin zombies (D:12)
  2 hobgoblin zombies (D:12)
  35 kobolds
  4 orc skeletons (D:12)
  8 orc zombies (D:12)
  6 rats
  4 toadstools (D:1)
351 creatures vanquished.

Vanquished Creatures (others)
  2 howler monkeys (D:8)
2 creatures vanquished.

Grand Total: 353 creatures vanquished

Notes
Turn   | Place    | Note
-------+----------+-------------------------------------------
     0 | D:1      | p00ps00p the Hill Orc Fighter began the quest for the Orb.
     0 | D:1      | Reached XP level 1. HP: 19/19 MP: 1/1
   211 | D:1      | Reached XP level 2. HP: 9/27 MP: 2/2
   774 | D:1      | Reached XP level 3. HP: 33/33 MP: 3/3
  1433 | D:2      | Found a faded altar of an unknown god.
  1484 | D:2      | Reached XP level 4. HP: 40/40 MP: 4/4
  2531 | D:4      | Noticed a black bear
  2537 | D:4      | Killed a black bear
  2538 | D:4      | Reached XP level 5. HP: 38/47 MP: 5/5
  2540 | D:4      | Reached skill level 5 in Fighting
  2540 | D:4      | Reached XP level 6. HP: 46/56 MP: 6/6
  2691 | D:4      | Identified the +1 short sword "Biupaed" {vorpal, MP+9}
  2842 | D:4      | Found a sacrificial altar of Ru.
  3365 | D:5      | Entered Level 5 of the Dungeon
  3382 | D:5      | Found a glowing drain.
  3399 | D:5      | Reached skill level 5 in Axes
  3412 | D:5      | Reached skill level 5 in Armour
  3417 | D:5      | Reached skill level 5 in Shields
  3422 | D:5      | Reached XP level 7. HP: 24/61 MP: 7/7
  3521 | Sewer    | Entered a sewer
  3954 | D:5      | Reached XP level 8. HP: 52/71 MP: 8/8
  4133 | D:5      | Found a staircase to the Ecumenical Temple.
  4340 | Temple   | Entered the Ecumenical Temple
  4346 | Temple   | Became a worshipper of Gozag Ym Sagoz the Greedy
  4434 | D:5      | Found a stormy altar of Qazlal.
  5265 | D:6      | HP: 1/73 [white imp/puff of frost (5)]
  5429 | D:6      | Found a faded altar of an unknown god.
  5446 | D:6      | Reached XP level 9. HP: 79/79 MP: 9/9
  6227 | D:7      | Noticed Menkaure
  6233 | D:7      | Killed Menkaure
  6673 | D:7      | Found a shadowy altar of Dithmenos.
  6781 | D:7      | Noticed Joseph
  6797 | D:7      | HP: 2/81 [Joseph/+0 quarterstaff (9)]
  6800 | D:7      | Killed Joseph
  6803 | D:7      | HP: 3/82 [killer bee (1)]
  7287 | D:7      | Reached XP level 10. HP: 43/91 MP: 10/10
  8203 | D:8      | Noticed a cyclops
  8219 | D:8      | Killed a cyclops
  8226 | D:8      | Reached skill level 10 in Axes
  9784 | D:9      | Reached skill level 10 in Fighting
  9915 | D:9      | Found a snail-covered altar of Cheibriados.
 10275 | D:9      | Noticed a white ugly thing
 10286 | D:9      | Killed a white ugly thing
 10474 | D:9      | Found a sparkling altar of Nemelex Xobeh.
 10561 | D:10     | Entered Level 10 of the Dungeon
 10561 | D:10     | Noticed Maggie
 10574 | D:10     | Reached XP level 11. HP: 77/101 MP: 11/11
 10584 | D:10     | Killed Maggie
 10684 | D:10     | Noticed Josephine
 10711 | D:10     | Killed Josephine
 10712 | D:10     | Reached skill level 10 in Armour
 10712 | D:10     | Reached skill level 10 in Shields
 11539 | D:10     | Noticed Harold
 11558 | D:10     | Killed Harold
 11738 | D:10     | Found a broken altar of Ashenzari.
 11927 | D:10     | Found a staircase to the Lair.
 12514 | D:11     | Noticed a two-headed ogre
 12524 | D:11     | Killed a two-headed ogre
 12930 | D:11     | Noticed a cyclops
 12943 | D:11     | Killed a cyclops
 13455 | D:12     | Noticed a cyclops
 13471 | D:12     | Killed a cyclops
 13472 | D:12     | Reached XP level 12. HP: 47/112 MP: 12/12
 13679 | D:12     | Found Darch's Antique Armour Shop.
 13684 | D:12     | Bought the +3 pair of seven-league boots {Rampage+∞} for
                  | 1560 gold pieces
 13684 | D:12     | Found the +3 pair of seven-league boots {Rampage+∞}
 13883 | D:12     | Found a staircase to the Orcish Mines.
 13934 | D:12     | Identified the +6 long sword of Lunwowiojo {drain, Fly rN+}
 14364 | Orc:1    | Entered Level 1 of the Orcish Mines
 14364 | Orc:1    | Found a frozen archway.
 14395 | IceCv    | Entered an ice cave
 15609 | IceCv    | Got Sif Muna's Meditations on the Chill
 15771 | Orc:2    | Entered Level 2 of the Orcish Mines
 15776 | Orc:2    | Noticed Donald
 15788 | Orc:2    | Succumbed to Donald's poison

Illustrated notes

Levels and vault maps discovered:
D:1:      ldierk_water_garden, layout_loops_ring
D:2:      layout_loops_ring, basic_ecumenical_altar, chequers_avenue,
          serial_bayou_pond_e, columned_hall_lemuel
D:3:      minmay_spotlight, layout_rooms
D:4:      layout_gridville, mainiacjoe_overflow_six_doors_small
D:5:      layout_layer_cave, nicolae_qazlal_general_emergency,
          minmay_temple_entry_hall, gup_sewer_entry_glass
D:6:      layout_cave_pools, serial_column_ruins, column_ruins_temple_hall,
          column_ruins_hut_ruined, column_ruins_grid_1, column_ruins_open_tiny,
          column_ruins_columns_straight, column_ruins_columns_straight,
          column_ruins_open_small
D:7:      layout_basic, grunt_dithmenos_smoke_and_mirrors,
          corexii_leaking_fountain, chequers_serial_rivers_micro_b,
          uniq_menkaure, uniq_joseph
D:8:      layout_basic
D:9:      layout_loops_cross, kennysheep_slug_shrine, marbit_many_paths
D:10:     layout_roguey, nicolae_ashenzari_skybound, hellmonk_lair_entry_icy,
          uniq_josephine, uniq_harold, uniq_maggie
D:11:     layout_roguey, kennysheep_generic_room_5
D:12:     layout_cave_pools, zombieorc1_lemuel, serial_shops,
          nicolae_shop_hallway_plus
Temple:   eino_temple_rhombus
Orc:1:    layout_caves, portal_ice_cave_entry_pillars_2
Orc:2:    st_orc_ogre_mass, layout_caves, uniq_donald, uniq_sonja

Skill      XL: |  1  2  3  4  5  6  7  8  9 10 11 12 |
---------------+-------------------------------------+-----
Axes           | 3 4 5 6 7 9 11 12 13 | 13.9
Fighting       | 4 5 6 7 9 10 11 13 | 13.1
Armour         | 4 5 6 8 9 11 12 | 12.1
Shields        | 4 5 6 8 9 11 12 | 12.1

Action                   |  1- 3 |  4- 6 |  7- 9 | 10-12 || total
-------------------------+-------+-------+-------+-------++-------
Melee: War axe           |   103 |   137 |   199 |   586 ||  1025
Invok: Call Merchant     |       |       |       |     1 ||     1
Evoke: Wand              |       |       |    12 |    17 ||    29
  Use: Scroll            |     6 |     7 |     4 |    14 ||    31
       Potion            |     2 |     1 |     4 |     4 ||    11
 Stab: Distracted        |       |       |     2 |     7 ||     9
Armor: Scale mail        |    54 |    18 |       |       ||    72
       Chain mail        |       |    83 |    73 |       ||   156
       Plate armour      |       |       |    62 |   303 ||   365
Dodge: Dodged            |    37 |    61 |    52 |   122 ||   272
Block: Buckler           |    12 |       |       |       ||    12
       Kite shield       |    32 |    97 |   132 |   380 ||   641
       Tower shield      |       |       |       |    34 ||    34

Table legend: (Time is in decaauts)
 A = Elapsed time spent in this place.
 B = Non-inter-level travel time spent in this place.
 C = Inter-level travel time spent in this place.
 D = Time resting spent in this place.
 E = Time spent auto-exploring this place.
 F = Levels seen in this place.
 G = Mean time per level.
                   A        B        C        D        E       F      G
               +--------+--------+--------+--------+--------+-----+--------+
         Total |  15996 |  15482 |    514 |   3733 |   9189 |  17 |  940.9 |
       Dungeon |  14400 |  13907 |    493 |   3334 |   8382 |  12 | 1200.0 |
        Temple |     12 |      1 |     11 |      0 |      0 |   1 |   12.0 |
  Orcish Mines |    139 |    130 |      9 |      0 |     81 |   2 |   69.5 |
         Sewer |    175 |    175 |      0 |      0 |     96 |   1 |  175.0 |
      Ice Cave |   1268 |   1268 |      0 |    399 |    630 |   1 | 1268.0 |
               +--------+--------+--------+--------+--------+-----+--------+

Top non-repeatable levels by time:
    D:10: 1770 daAuts
     D:8: 1769 daAuts
     D:5: 1491 daAuts
     D:7: 1487 daAuts
   IceCv: 1268 daAuts
     D:9: 1235 daAuts
     D:6: 1191 daAuts
     D:1: 1092 daAuts
    D:11: 1004 daAuts
    D:12: 987 daAuts
     D:4: 903 daAuts
     D:2: 764 daAuts
     D:3: 703 daAuts
   Sewer: 175 daAuts
   Orc:1: 122 daAuts
